 Dungeon Crawl Stone Soup version 0.29-a0-791-ga0f254aafb (webtiles) character file.

Game seed: 8683830211510170585

118 Malachi the Shooter (level 4, -2/33 HPs)
             Began as a Demonspawn Hunter on July 3, 2022.
             Was a Believer of Cheibriados.
             Slain by Sigmund
             ... wielding a +1 scythe of protection
              (7 damage)
             ... on level 3 of the Dungeon.
             The game lasted 00:03:29 (2339 turns).

Malachi the Shooter (Demonspawn Hunter)             Turns: 2339, Time: 00:03:29

Health: -2/33      AC:  5    Str: 16    XL:     4   Next: 72%
Magic:  4/4        EV: 12    Int: 14    God:    Cheibriados [**....]
Gold:   101        SH:  0    Dex: 22    Spells: 3/3 levels left

rFire   . . .      SeeInvis .   a - +0 shortbow
rCold   . . .      Faith    .   (shield currently unavailable)
rNeg    . . .      Spirit   .   c - +0 leather armour
rPois   .          Reflect  .   (helmet restricted)
rElec   .          Harm     .   (no cloak)
rCorr   .          Rampage  .   (no gloves)
Will    .....                   (no boots)
Stlth   ++........              (no amulet)
HPRegen 0.11/turn               (no ring)
MPRegen 0.09/turn               (no ring)

@: very slow
A: antennae 1, icy blue scales 1
a: Renounce Religion, Bend Time


You were on level 3 of the Dungeon.
You worshipped Cheibriados.
Cheibriados was pleased with you.
You visited 1 branch of the dungeon, and saw 3 of its levels.

You collected 101 gold pieces.

Inventory:

Hand Weapons
 a - a +0 shortbow (weapon)
Armour
 c - a +0 leather armour (worn)
Scrolls
 b - a scroll of immolation
 d - a scroll of vulnerability
 e - a scroll of summoning
 h - a scroll of silence
 j - a scroll of noise {unknown}
 k - a scroll of fear {unknown}
 l - 2 scrolls of enchant weapon {unknown}
 m - a scroll of amnesia {unknown}
 n - 2 scrolls of teleportation {unknown}
 o - 2 scrolls of enchant armour {unknown}
 p - a scroll of blinking {unknown}
Potions
 f - a potion of heal wounds {unknown}
 i - a potion of berserk rage {unknown}
 q - a potion of curing {unknown}
 r - a potion of magic {unknown}


   Skills:
 - Level 2.0 Fighting
 * Level 5.6 Ranged Weapons
 - Level 0.1 Armour
 - Level 1.7 Dodging
 - Level 0.8 Stealth
 + Level 0.1 Invocations


You had 3 spell levels left.
You didn't know any spells.
Your spell library contained the following spells:

 Spells                   Type           Power      Damage    Failure   Level
 Apportation              Tloc           0%         N/A       34%         1
 Necrotize                Necr           0%         1d4       34%         1
 Summon Small Mammal      Summ           0%         N/A       34%         1


Dungeon Overview and Level Annotations

Branches:
Dungeon (3/15)

Altars:
Cheibriados
Fedhas

Shops:
D:3 =

Annotations:
D:3 Sigmund


Innate Abilities, Weirdness & Mutations

You have a pair of small antennae on your head.
You are partially covered in icy blue scales. (AC +2)


Message History

The kobold hits you but does no damage.
You shoot an arrow. The arrow hits the kobold.
You kill the kobold!
Cheibriados appreciates the change of pace.
Something hits you!
* * * LOW HITPOINT WARNING * * *
You are too injured to fight recklessly!
Unknown command.
Okay, then.
As you read the scroll of summoning, it crumbles to dust.
Wisps of shadow whirl around you... Something hits you.
* * * LOW HITPOINT WARNING * * *
What are your orders? t - Shout!
Orders for allies: a - Attack new target. r - Retreat! s - Stop attacking. g - Guard the area. f - Follow me.
Anything else - Cancel.
Gang up on whom?
Press: ? - help, Dir - move target
Okay, then.
What are your orders? t - Shout!
Orders for allies: a - Attack new target. r - Retreat! s - Stop attacking. g - Guard the area. f - Follow me.
Anything else - Cancel.
Gang up on whom?
Press: ? - help, Dir - move target There's nothing there!
Something hits your frilled lizard.
Your frilled lizard dies!
Your frilled lizard's corpse dissolves into shadows!
A magic dart appears from out of thin air!
The magic dart hits your gnoll! Something hits your gnoll! Something hits you.
* * * LOW HITPOINT WARNING * * *
Found an escape hatch in the ceiling.
Something hits you!
You die...

#..<..... #+ #....... #.#
#........ #.# #........ .. #.#
#.....(. ..# #.# ###.....#
........ #.#
..'.....#..........###.#
#...g@#..............'
.#####...gl#..............#
.....'<.{g.#..............#
#.#####....g#.........>....#
#....)'....................#
.......###.........⌠.⌠........#
......) #..........∩..........
.....). ####......⌠.⌠.........
....... #....#########.....


You could see 4 friendly gnolls and a friendly frilled lizard (summoned).

Vanquished Creatures
  3 adders
  2 worms
  3 dart slugs
  An orc (D:2)
  7 ball pythons
  7 endoplasms
  2 giant cockroaches (D:1)
  5 goblins
  10 hobgoblins
  4 jackals (D:2)
  3 quokkas
  4 bats
  6 frilled lizards
  9 kobolds
  4 rats
70 creatures vanquished.

Notes
Turn   | Place    | Note
-------+----------+-------------------------------------------
     0 | D:1      | Malachi the Demonspawn Hunter began the quest for the Orb.
     0 | D:1      | Reached XP level 1. HP: 16/16 MP: 1/1
    85 | D:1      | Reached skill level 4 in Ranged Weapons
    93 | D:1      | Gained mutation: You are partially covered in icy blue
                  | scales. (AC +2) [demonic ancestry]
    93 | D:1      | Reached XP level 2. HP: 22/22 MP: 2/2
   423 | D:1      | Gained mutation: You have a pair of small antennae on your
                  | head. [demonic ancestry]
   423 | D:1      | Reached XP level 3. HP: 23/27 MP: 3/3
   966 | D:2      | Found a blossoming altar of Fedhas.
  1125 | D:2      | Reached skill level 5 in Ranged Weapons
  1304 | D:2      | Found a faded altar of an unknown god.
  1314 | D:2      | Prayed at the altar of an unknown god.
  1314 | D:2      | Became a worshipper of Cheibriados the Contemplative
  1314 | D:2      | Reached * piety under Cheibriados
  1428 | D:2      | Reached XP level 4. HP: 33/33 MP: 4/4
  1720 | D:3      | Found Temneoloapy's Jewellery Shoppe.
  1720 | D:3      | Noticed Sigmund
  2248 | D:3      | Reached ** piety under Cheibriados
  2339 | D:3      | Slain by Sigmund

Illustrated notes

Levels and vault maps discovered:
D:1:      psy_arrival_terrarium, layout_basic, nicolae_eternal_life
D:2:      layout_basic, basic_altar, dreamdust_ecumenical_altar_grove
D:3:      layout_basic, serial_shops, shop_fountains, minmay_increasing_density,
          uniq_sigmund

Skill      XL: |  1  2  3 |
---------------+----------+-----
Ranged Weapons | 4 5 |  5.6
Fighting       | |  2.0
Armour         | |  0.1
Dodging        | |  1.7
Stealth        | |  0.8
Invocations    | |  0.1

Action                   |  1- 3 |  4- 6 || total
-------------------------+-------+-------++-------
 Fire: Shortbow          |   122 |    67 ||   189
Invok: Bend Time         |       |     1 ||     1
  Use: Scroll            |       |     4 ||     4
Armor: Leather armour    |    15 |    11 ||    26
Dodge: Dodged            |    25 |    29 ||    54

Table legend: (Time is in decaauts)
 A = Elapsed time spent in this place.
 B = Non-inter-level travel time spent in this place.
 C = Inter-level travel time spent in this place.
 D = Time resting spent in this place.
 E = Time spent auto-exploring this place.
 F = Levels seen in this place.
 G = Mean time per level.
                   A        B        C        D        E       F      G
               +--------+--------+--------+--------+--------+-----+--------+
         Total |   2665 |   2487 |    178 |    208 |   1859 |   3 |  888.3 |
       Dungeon |   2665 |   2487 |    178 |    208 |   1859 |   3 |  888.3 |
               +--------+--------+--------+--------+--------+-----+--------+

Top non-repeatable levels by time:
     D:2: 1404 daAuts
     D:1: 935 daAuts
     D:3: 325 daAuts
